 Dungeon Sprint DCSS version 0.21.1-1-g345015f (webtiles) character file.

6300000 Fang the Sabretooth (level 21, -14/122 HPs)
             Began as a Felid Fighter on Apr 18, 2018.
             Was the Champion of Makhleb.
             Demolished by a bag of meat
             ... wielding a +9 war axe
              (26 damage)
             ... in the Dungeon (Sprint VIII: "Arena of Blood").
             The game lasted 00:00:55 (63 turns).

Fang the Sabretooth (Felid Fighter)                   Turns: 63, Time: 00:00:56

Health: -14/122    AC:  3    Str: 19    XL:     21   Next: 47%
Magic:  53/53      EV: 39    Int: 11    God:    Makhleb [******]
Gold:   0          SH:  0    Dex: 17    Spells: 74/74 levels left
                                        Lives:  0   Deaths: 6

rFire    . . .     SeeInvis +     - Unarmed
rCold    + . .     Gourm    .   (shield unavailable)
rNeg     . . .     Faith    .   (armour unavailable)
rPois    .         Spirit   .   (helmet unavailable)
rElec    .         Reflect  .   (cloak unavailable)
rCorr    .         Harm     .   (gloves unavailable)
MR       +++..     NoTele   +   (boots unavailable)
Stlth    +++++++++.             (no amulet)
HPRegen  0.30/turn              i - +27000 ring of slaying
MPRegen  0.33/turn              (no ring)

@: quick
A: very small, no armour, no weapons or thrown items, stealth, claws 1, fangs 3,
see invisible, carnivore, speed 1, shaggy fur 3, slow metabolism 1, sharp paws
a: Minor Destruction, Lesser Servant of Makhleb, Major Destruction, Greater
Servant of Makhleb, Renounce Religion


You were in the Dungeon.
You worshipped Makhleb.
Makhleb was exalted by your worship.
You were not hungry.

You visited 1 branch

Inventory:

Jewellery
 i - a +27000 ring of slaying (left paw)
Scrolls
 h - a scroll of blinking
Potions
 a - a potion of might
 c - a potion of curing
 d - a potion of heal wounds
 e - a potion of haste
 f - 2 potions of magic
 g - a potion of berserk rage
Comestibles
 b - a ration


   Skills:
 O Level 27 Fighting
 O Level 27 Dodging
 O Level 27 Stealth
 O Level 27 Unarmed Combat
 O Level 27 Spellcasting
 O Level 27 Invocations


You had 74 spell levels left.
You didn't know any spells.

Dungeon Overview and Level Annotations

Branches:
Dungeon (1/1)

Altars:
Makhleb


Innate Abilities, Weirdness & Mutations

You cannot wear armour.
You are incapable of wielding weapons or throwing items.
Your paws allow you to move quietly. (Stealth)
You have sharp claws.
You have razor-sharp teeth.
You have supernaturally acute eyesight. (SInv)
You are carnivorous and can eat meat at any time.
You cover ground quickly.
Your thick and shaggy fur keeps you warm. (AC +3, rC+)
You have a slow metabolism.
Your sharp claws are effective at attacking unaware monsters.


Message History

Your experience leads to an increase in your attributes!
Increase (S)trength, (I)ntelligence, or (D)exterity?
You feel stronger.
You hear a shout!
The bag of meat is engulfed in blazing flames.
The accursed casts a spell at you. Something smites you!
You hear a shout! x5
You hear a shout! x4
The meat berserker hits you with a +9 battleaxe!!!!
Ouch! That really hurt!
* * * LOW HITPOINT WARNING * * *
You hear a shout! x2
The bag of meat hits you with a +9 war axe!!
* * * LOW HITPOINT WARNING * * *
You hear a shout!
The bag of meat is engulfed in blazing flames.
You hear a shout! x2
The bag of meat hits you with a +9 war axe!!
You die...

#.. ........O###.
#..... ...........#.
#.... ........o...#.
#.... ...#..........
#.M. ..#.#.#.†.o...
#... ....#.#O.)o....
#..###...#.#o#.oO....
#..)o##...#.#.o...#.§
#..†@o#..M.....o.....
#...Oo)M##.......##.#
####.ooo§##.o........
####§%....####o.o.
###..)))O.....
####V)O§..o.
####..... ######


You could see an accursed, a meat berserker (berserk) and 6 bags of meat.

Vanquished Creatures
  Sigmund (D)
  2 vampire knights (D)
  5 ogres (D)
  A two-headed ogre (D)
  A lich (D)
  16 orcs (D)
26 creatures vanquished.

Notes
Turn   | Place    | Note
-------+----------+-------------------------------------------
     0 | D        | Fang the Felid Fighter began the quest for the Orb.
     0 | D        | Reached XP level 1. HP: 10/10 MP: 2/2
     3 | D        | Became a worshipper of Makhleb the Destroyer
     5 | D        | Noticed a bag of meat
     5 | D        | Noticed a bag of meat
     6 | D        | Noticed a meat berserker
     6 | D        | Noticed a bag of meat
     7 | D        | Noticed a bag of meat
     7 | D        | Noticed a bag of meat
     7 | D        | Noticed a meat berserker
     9 | D        | Noticed a bag of meat
     9 | D        | Killed a bag of meat
     9 | D        | Reached XP level 2. HP: 24/24 MP: 3/3
     9 | D        | Reached XP level 3. HP: 28/28 MP: 4/4
     9 | D        | Reached XP level 4. HP: 32/32 MP: 5/5
     9 | D        | Reached XP level 5. HP: 36/36 MP: 6/6
     9 | D        | Gained mutation: You are covered in thick fur. (AC +2) [Felid growth]
     9 | D        | Reached XP level 6. HP: 40/40 MP: 7/7
     9 | D        | Reached XP level 7. HP: 43/43 MP: 8/8
     9 | D        | Reached XP level 8. HP: 48/48 MP: 9/9
     9 | D        | Reached XP level 9. HP: 51/51 MP: 10/10
     9 | D        | Reached XP level 10. HP: 55/55 MP: 11/11
     9 | D        | Reached XP level 11. HP: 59/59 MP: 12/12
    10 | D        | Noticed a bag of meat
    10 | D        | Demolished by a meat berserker
    11 | D        | Reached XP level 10. HP: -21/55 MP: 11/11
    11 | D        | Noticed a bag of meat
    11 | D        | Noticed a bag of meat
    11 | D        | Noticed a bag of meat
    11 | D        | Noticed a bag of meat
    11 | D        | Noticed a bag of meat
    11 | D        | Noticed a large bag of meat
    12 | D        | Noticed a meat berserker
    12 | D        | Noticed a bag of meat
    12 | D        | Noticed a bag of meat
    13 | D        | Noticed a bag of meat
    14 | D        | Killed a bag of meat
    14 | D        | Reached * piety under Makhleb
    14 | D        | Reached skill level 15 in Fighting
    14 | D        | Reached XP level 11. HP: 25/61 MP: 12/12
    14 | D        | Gained mutation: Your thick and shaggy fur keeps you warm. (AC +3, rC+) [Felid growth]
    14 | D        | Reached XP level 12. HP: 27/66 MP: 13/13
    14 | D        | Slain by a bag of meat
    15 | D        | Reached XP level 11. HP: -3/61 MP: 12/12
    15 | D        | Noticed a bag of meat
    15 | D        | Noticed a bag of meat
    15 | D        | Noticed a bag of meat
    15 | D        | Noticed a bag of meat
    16 | D        | Noticed a bag of meat
    16 | D        | Noticed a meat berserker
    16 | D        | Noticed a bag of meat
    17 | D        | Noticed a meat berserker
    18 | D        | Noticed a bag of meat
    19 | D        | Noticed a bag of meat
    19 | D        | Killed a bag of meat
    19 | D        | Reached XP level 12. HP: 67/67 MP: 13/13
    20 | D        | Noticed a large bag of meat
    21 | D        | Killed a meat berserker
    21 | D        | Reached skill level 27 in Unarmed Combat
    21 | D        | Reached XP level 13. HP: 6/76 MP: 14/14
    21 | D        | Reached XP level 14. HP: 6/81 MP: 15/15
    22 | D        | Noticed a bag of meat
    22 | D        | Noticed a meat berserker
    22 | D        | Noticed a bag of meat
    22 | D        | Annihilated by a bag of meat
    23 | D        | Reached XP level 13. HP: -29/76 MP: 14/14
    23 | D        | Noticed a meat berserker
    23 | D        | Noticed a bag of meat
    26 | D        | Noticed a meat berserker
    27 | D        | Killed a meat berserker
    27 | D        | Reached ** piety under Makhleb
    27 | D        | Reached skill level 27 in Dodging
    27 | D        | Reached XP level 14. HP: 87/87 MP: 15/15
    28 | D        | Noticed a bag of meat
    28 | D        | Noticed a destroyer
    29 | D        | Noticed a bag of meat
    29 | D        | Killed a meat berserker
    29 | D        | Reached skill level 27 in Fighting
    29 | D        | Reached XP level 15. HP: 95/95 MP: 16/16
    32 | D        | Reached *** piety under Makhleb
    32 | D        | Reached XP level 16. HP: 100/100 MP: 16/34
    33 | D        | Reached skill level 15 in Spellcasting
    34 | D        | Noticed a destroyer
    34 | D        | Mangled by a meat berserker
    35 | D        | Reached XP level 15. HP: -9/95 MP: 16/35
    38 | D        | Reached **** piety under Makhleb
    38 | D        | Reached XP level 16. HP: 100/100 MP: 35/39
    39 | D        | Reached skill level 27 in Stealth
    43 | D        | Killed a large bag of meat
    43 | D        | Killed from afar by a large bag of meat
    43 | D        | Reached ***** piety under Makhleb
    43 | D        | Reached XP level 17. HP: 1/104 MP: 36/46
    44 | D        | Reached XP level 16. HP: 1/100 MP: 36/45
    45 | D        | Killed a destroyer
    45 | D        | Reached skill level 27 in Spellcasting
    45 | D        | Reached skill level 27 in Invocations
    45 | D        | Reached XP level 17. HP: 104/104 MP: 45/49
    51 | D        | Reached XP level 18. HP: 102/109 MP: 46/50
    52 | D        | Noticed a tyrant
    53 | D        | Killed a meat berserker
    54 | D        | Killed a meat berserker
    54 | D        | Reached ****** piety under Makhleb
    57 | D        | Killed a tyrant
    57 | D        | Reached XP level 19. HP: 113/113 MP: 47/51
    58 | D        | Noticed an accursed
    58 | D        | HP: 5/113 [destroyer/+9 great sword of slicing (5)]
    58 | D        | HP: 2/113 [destroyer/+9 great sword of slicing (3)]
    59 | D        | Killed a destroyer
    59 | D        | Annihilated by a meat berserker
    60 | D        | Reached XP level 18. HP: -23/109 MP: 48/50
    61 | D        | Noticed an accursed
    61 | D        | Reached XP level 19. HP: 113/113 MP: 51/51
    61 | D        | Noticed The Captor
    62 | D        | Killed The Captor
    62 | D        | Reached XP level 20. HP: 118/118 MP: 52/52
    62 | D        | Reached XP level 21. HP: 122/122 MP: 53/53
    63 | D        | Demolished by a bag of meat

Skill      XL: |  1  2  3  4  5  6  7  8  9 10 11 12 13 14 15 16 |
---------------+-------------------------------------------------+-----
Fighting       | 13 15 16 20 24 27 | 27.0
Dodging        | 16 19 20 24 27 | 27.0
Unarmed Combat | 21 23 25 27 | 27.0
Stealth        | 25 27 | 27.0
Spellcasting   | 18 27 | 27.0
Invocations    | 19 27 | 27.0

Action                   |  1- 3 |  4- 6 |  7- 9 | 10-12 | 13-15 | 16-18 | 19-21 || total
-------------------------+-------+-------+-------+-------+-------+-------+-------++-------
Melee: Unarmed           |     1 |       |       |     3 |     6 |    14 |     2 ||    26
Dodge: Dodged            |       |       |       |     2 |     4 |     7 |     1 ||    14
